TOP OF THE 1ST |
Houston Astros batting - Pitching for Colorado Rockies : RHP Colin Lancey Jr.
|
Pitching: RHP Colin Lancey Jr.
|
|
Batting: RHB Jeremy Trump
|
0-0: Foul Ball, location: 2F 0-1: Ball 1-1: Called Strike 1-2: Ball 2-2: Ball 3-2: Strikes out swinging
|
Batting: RHB Eric Chotkowski
|
0-0: Ball 1-0: Foul Ball, location: 2F 1-1: Ground out 4-3 (Groundball, 4S, EV 90.0 MPH)
|
Batting: RHB Chris Lane
|
0-0: Ball 1-0: Ball 2-0: Called Strike 2-1: Ball 3-1: Fly out, F8 (Flyball, 8RS, EV 91.9 MPH)
|
Top of the 1st over - 0 runs, 0 hits, 0 errors, 0 left on base; Houston 0 - Colorado 0 |
BOTTOM OF THE 1ST |
Colorado Rockies batting - Pitching for Houston Astros : LHP Brian Thomas
|
Pitching: LHP Brian Thomas
|
|
Batting: LHB Freddy Troncoso
|
0-0: Called Strike 0-1: Fly out, F6 (Popup, 6M, EV 61.2 MPH)
|
Batting: SHB Eddie Quinones
|
0-0: Called Strike 0-1: DOUBLE (Line Drive, 7LM, EV 113.1 MPH)
|
Batting: RHB Joel Haycock
|
0-0: Called Strike 0-1: 2-RUN HOME RUN (Flyball, 78XD, EV 106.9 MPH), Distance : 415 ft
|
Batting: RHB Jason Andrews
|
0-0: Ball 1-0: Foul Ball, location: 2F 1-1: Ball 2-1: Ground out 6-3 (Groundball, 6, EV 81.2 MPH)
|
Batting: SHB Chris Blue
|
0-0: Ball 1-0: Ball 2-0: Foul Ball, location: 2F 2-1: Foul Ball, location: 2F 2-2: Ball 3-2: Ground out 6-3 (Groundball, P, EV 89.4 MPH)
|
Bottom of the 1st over - 2 runs, 2 hits, 0 errors, 0 left on base; Houston 0 - Colorado 2 |
TOP OF THE 2ND |
Houston Astros batting - Pitching for Colorado Rockies : RHP Colin Lancey Jr.
|
Batting: LHB Angelo Vasquez
|
0-0: Ball 1-0: Ball 2-0: DOUBLE (Line Drive, 78D, EV 105.6 MPH)
|
Batting: SHB Joe Gardner
|
0-0: Called Strike 0-1: Ball 1-1: Foul Ball, location: 2F 1-2: Foul Ball, location: 2F 1-2: Ball 2-2: Ball 3-2: Foul Ball, location: 2F 3-2: Fly out, F8 (Flyball, 8RM, EV 97.5 MPH)
|
Batting: LHB Bryce Hill
|
0-0: Called Strike 0-1: Ball 1-1: Ball 2-1: DOUBLE (Line Drive, 7LD, EV 105.6 MPH) Angelo Vasquez scores
|
Batting: RHB Josh Froyd
|
0-0: Foul Ball, location: 2F 0-1: Called Strike 0-2: Ball 1-2: Ground out 4-3 (Groundball, 4, EV 90.6 MPH) Bryce Hill to third
|
Batting: RHB Antonio Aranda
|
0-0: SINGLE (Line Drive, 8RS, EV 87.5 MPH) Bryce Hill scores
|
Batting: SHB Troy Kenyon
|
0-0: Called Strike 0-1: Ball 1-1: Ball 2-1: Foul Ball, location: 2F 2-2: Foul Ball, location: 2F 2-2: Foul Ball, location: 2F 2-2: Foul Ball, location: 2F 2-2: Ground out U3 (Groundball, 3, EV 83.1 MPH)
|
Top of the 2nd over - 2 runs, 3 hits, 0 errors, 1 left on base; Houston 2 - Colorado 2 |
BOTTOM OF THE 2ND |
Colorado Rockies batting - Pitching for Houston Astros : LHP Brian Thomas
|
Batting: RHB Henry Alvizo
|
0-0: SINGLE (Groundball, 6S, EV 68.1 MPH) (infield hit)
|
Batting: SHB Billy Encinias
|
0-0: Ball Wild Pitch! Henry Alvizo to second 1-0: Swinging Strike 1-1: Ball 2-1: SINGLE (Line Drive, 4MD, EV 110.0 MPH) Henry Alvizo to third
|
Batting: SHB Jon Munoz
|
0-0: Foul Ball, location: 2F 0-1: Ball 1-1: Ball 2-1: Foul Ball, location: 2F 2-2: Foul Ball, location: 2F 2-2: SINGLE (Groundball, 56D, EV 94.4 MPH) Henry Alvizo scores Billy Encinias to second
|
Batting: LHB Robert Watson
|
0-0: Ball 1-0: Swinging Strike 1-1: Swinging Strike 1-2: Strikes out swinging
|
Batting: LHB Freddy Troncoso
|
0-0: Called Strike 0-1: Foul Ball, location: 2F 0-2: SINGLE (Groundball, 34D, EV 98.1 MPH) Billy Encinias to third Jon Munoz to second Runner from 3rd tries for Home, SAFE, throw by RF to home
|
Batting: SHB Eddie Quinones
|
0-0: Fly out, F7 (Line Drive, 7D, EV 91.9 MPH) Runner from 2nd tags up, SAFE at 3rd with throw by LF
|
Batting: RHB Joel Haycock
|
0-0: Ball 1-0: Ball 2-0: Called Strike 2-1: Ground out 4-3 (Groundball, 34, EV 82.5 MPH)
|
Bottom of the 2nd over - 2 runs, 4 hits, 0 errors, 2 left on base; Houston 2 - Colorado 4 |
TOP OF THE 3RD |
Houston Astros batting - Pitching for Colorado Rockies : RHP Colin Lancey Jr.
|
Batting: RHB Jeremy Trump
|
0-0: Called Strike 0-1: Called Strike 0-2: Strikes out looking
|
Batting: RHB Eric Chotkowski
|
0-0: Called Strike 0-1: SOLO HOME RUN (Flyball, 9D, EV 95.0 MPH), Distance : 378 ft
|
Batting: RHB Chris Lane
|
0-0: Called Strike 0-1: SINGLE (Line Drive, 6D, EV 99.4 MPH)
|
Batting: LHB Angelo Vasquez
|
0-0: Foul Ball, location: 2F 0-1: Fly out, F9 (Flyball, 89M, EV 90.6 MPH)
|
Batting: SHB Joe Gardner
|
0-0: Called Strike 0-1: Ball 1-1: Ball 2-1: Ground out 4-3 (Groundball, 34, EV 79.4 MPH)
|
Top of the 3rd over - 1 run, 2 hits, 0 errors, 1 left on base; Houston 3 - Colorado 4 |
BOTTOM OF THE 3RD |
Colorado Rockies batting - Pitching for Houston Astros : LHP Brian Thomas
|
Batting: RHB Jason Andrews
|
0-0: Called Strike 0-1: Ball 1-1: Swinging Strike 1-2: Foul Ball, location: 2F 1-2: DOUBLE (Flyball, 8RXD, EV 106.2 MPH)
|
Batting: SHB Chris Blue
|
0-0: Ball 1-0: Called Strike 1-1: Swinging Strike 1-2: Fly out, F6 (Line Drive, 56D, EV 68.1 MPH)
|
Batting: RHB Henry Alvizo
|
0-0: Ball 1-0: Ball 2-0: Called Strike 2-1: Foul Ball, location: 2F 2-2: Ball 3-2: Strikes out looking
|
Batting: SHB Billy Encinias
|
0-0: Called Strike 0-1: Ball 1-1: Fly out, F3 (Popup, 3S, EV 85.0 MPH)
|
Bottom of the 3rd over - 0 runs, 1 hit, 0 errors, 1 left on base; Houston 3 - Colorado 4 |
TOP OF THE 4TH |
Houston Astros batting - Pitching for Colorado Rockies : RHP Colin Lancey Jr.
|
Batting: LHB Bryce Hill
|
0-0: Ball 1-0: Ground out 4-3 (Groundball, 4, EV 81.9 MPH)
|
Batting: RHB Josh Froyd
|
0-0: Ball 1-0: Foul Ball, location: 2F 1-1: Ball 2-1: Ball 3-1: Base on Balls
|
Batting: RHB Antonio Aranda
|
0-0: Called Strike 0-1: Called Strike 0-2: Ball 1-2: Strikes out swinging
|
Batting: SHB Troy Kenyon
|
0-0: Ball 1-0: Called Strike 1-1: SINGLE (Line Drive, 4MD, EV 100.0 MPH) Josh Froyd to second
|
Batting: RHB Jeremy Trump
|
0-0: 3-RUN HOME RUN (Flyball, 7D, EV 98.1 MPH), Distance : 383 ft
|
Pitching: RHP Victor Walshe
|
|
Batting: RHB Eric Chotkowski
|
0-0: Called Strike 0-1: Foul Ball, location: 2F 0-2: Strikes out swinging
|
Top of the 4th over - 3 runs, 2 hits, 0 errors, 0 left on base; Houston 6 - Colorado 4 |
BOTTOM OF THE 4TH |
Colorado Rockies batting - Pitching for Houston Astros : LHP Brian Thomas
|
Batting: SHB Jon Munoz
|
0-0: SINGLE (Line Drive, 4D, EV 105.0 MPH)
|
Batting: LHB Robert Watson
|
0-0: Called Strike Jon Munoz steals 2nd base (no throw) 0-1: Swinging Strike 0-2: Foul Ball, location: 2F 0-2: Strikes out swinging
|
Batting: LHB Freddy Troncoso
|
0-0: Ball 1-0: Ball 2-0: Ground out 1-3 (Groundball, 15S, EV 68.1 MPH)
|
Batting: SHB Eddie Quinones
|
0-0: Ball 1-0: SINGLE (Line Drive, 5D, EV 95.6 MPH) Jon Munoz to third Runner from 3rd tries for Home, SAFE, throw by LF to home
|
Batting: RHB Joel Haycock
|
0-0: Ball 1-0: Foul Ball, location: 2F 1-1: Ball 2-1: Called Strike 2-2: Ball 3-2: Base on Balls Eddie Quinones to second
|
Batting: RHB Jason Andrews
|
0-0: Called Strike 0-1: Foul Ball, location: 2F 0-2: Strikes out looking
|
Bottom of the 4th over - 1 run, 2 hits, 0 errors, 2 left on base; Houston 6 - Colorado 5 |
TOP OF THE 5TH |
Houston Astros batting - Pitching for Colorado Rockies : RHP Victor Walshe
|
Batting: RHB Chris Lane
|
0-0: Ball 1-0: Ball 2-0: Called Strike 2-1: Ball 3-1: Fly out, F8 (Flyball, 8LXD, EV 94.4 MPH)
|
Batting: LHB Angelo Vasquez
|
0-0: Called Strike 0-1: Ball 1-1: Ground out 4-3 (Groundball, 4, EV 83.1 MPH)
|
Batting: SHB Joe Gardner
|
0-0: Ball 1-0: Ball 2-0: Called Strike 2-1: Ground out 4-3 (Groundball, 4, EV 83.8 MPH)
|
Top of the 5th over - 0 runs, 0 hits, 0 errors, 0 left on base; Houston 6 - Colorado 5 |
BOTTOM OF THE 5TH |
Colorado Rockies batting - Pitching for Houston Astros : LHP Brian Thomas
|
Batting: SHB Chris Blue
|
0-0: Ball 1-0: Foul Ball, location: 2F 1-1: Ball 2-1: Foul Ball, location: 2F 2-2: SINGLE (Groundball, 5S, EV 73.1 MPH) (infield hit)
|
Batting: RHB Henry Alvizo
|
0-0: Ball 1-0: Ball 2-0: Ball 3-0: Base on Balls Chris Blue to second
|
Batting: SHB Billy Encinias
|
0-0: Called Strike 0-1: Foul Ball, location: 2F 0-2: Ball 1-2: Strikes out swinging
|
Batting: SHB Jon Munoz
|
0-0: Ball 1-0: Called Strike 1-1: Foul Ball, location: 2F 1-2: Foul Ball, location: 2F 1-2: Foul Ball, location: 2F 1-2: SINGLE (Groundball, 56D, EV 98.8 MPH) Chris Blue to third Henry Alvizo to second
|
Batting: LHB Robert Watson
|
0-0: Fly out, F6 (Popup, 6, EV 76.2 MPH)
|
Batting: LHB Freddy Troncoso
|
0-0: Foul Ball, location: 2F 0-1: Ball 1-1: Fly out, F8 (Flyball, 8LM, EV 85.0 MPH)
|
Bottom of the 5th over - 0 runs, 2 hits, 0 errors, 3 left on base; Houston 6 - Colorado 5 |
TOP OF THE 6TH |
Houston Astros batting - Pitching for Colorado Rockies : RHP Victor Walshe
|
Batting: LHB Bryce Hill
|
0-0: Called Strike 0-1: Ball 1-1: Foul Ball, location: 2F 1-2: Ball 2-2: Foul Ball, location: 2F 2-2: Ball 3-2: SINGLE (Flyball, 7LS, EV 95.6 MPH)
|
Batting: RHB Josh Froyd
|
0-0: Called Strike 0-1: Ball 1-1: Grounds into double play, 6-4-3 (Groundball, 6, EV 98.1 MPH)
|
Batting: RHB Antonio Aranda
|
0-0: Ball 1-0: Ball 2-0: Ball 3-0: Called Strike 3-1: Foul Ball, location: 2F 3-2: DOUBLE (Line Drive, 7LS, EV 94.4 MPH)
|
Batting: SHB Troy Kenyon
|
0-0: Ball 1-0: SINGLE (Line Drive, 8LS, EV 104.4 MPH) Antonio Aranda to third Runner from 3rd tries for Home, throw by CF and OUT! 8-2
|
Top of the 6th over - 0 runs, 3 hits, 0 errors, 1 left on base; Houston 6 - Colorado 5 |
BOTTOM OF THE 6TH |
Colorado Rockies batting - Pitching for Houston Astros : LHP Brian Thomas
|
Batting: SHB Eddie Quinones
|
0-0: Ball 1-0: Ball 2-0: Ball 3-0: Called Strike 3-1: SOLO HOME RUN (Flyball, 7D, EV 98.8 MPH), Distance : 389 ft
|
Pitching: RHP Mike Hurst
|
|
Batting: RHB Joel Haycock
|
0-0: Ball 1-0: Ball 2-0: Foul Ball, location: 2F 2-1: SOLO HOME RUN (Flyball, 7LD, EV 95.6 MPH), Distance : 370 ft
|
Batting: RHB Jason Andrews
|
0-0: Ball 1-0: Fly out, F9 (Flyball, 9, EV 88.1 MPH)
|
Batting: SHB Chris Blue
|
0-0: Called Strike 0-1: Ball 1-1: Foul Ball, location: 2F 1-2: Foul Ball, location: 2F 1-2: Strikes out swinging
|
Batting: RHB Henry Alvizo
|
0-0: Ball 1-0: Ball 2-0: Ball 3-0: Base on Balls
|
Batting: SHB Billy Encinias
|
0-0: SINGLE (Groundball, 3D, EV 96.9 MPH) Henry Alvizo to second Runner from 2nd tries for 3rd, SAFE, throw by RF made to third
|
Batting: SHB Jon Munoz
|
0-0: Called Strike 0-1: Swinging Strike 0-2: Ball 1-2: SINGLE (Line Drive, 6D, EV 95.0 MPH) Henry Alvizo scores Billy Encinias to second
|
Batting: LHB Robert Watson
|
0-0: Foul Ball, location: 2F 0-1: Foul Ball, location: 2F 0-2: Ball 1-2: Ball 2-2: Ground out 4-3 (Groundball, 34, EV 80.0 MPH)
|
Bottom of the 6th over - 3 runs, 4 hits, 0 errors, 2 left on base; Houston 6 - Colorado 8 |
TOP OF THE 7TH |
Houston Astros batting - Pitching for Colorado Rockies : RHP Victor Walshe
|
Pitching: LHP Ron Reardon
|
|
Batting: RHB Jeremy Trump
|
0-0: Ball 1-0: Called Strike 1-1: Foul Ball, location: 2F 1-2: Strikes out swinging
|
Batting: RHB Eric Chotkowski
|
0-0: DOUBLE (Flyball, 8RXD, EV 93.1 MPH)
|
Batting: RHB Chris Lane
|
0-0: Ball 1-0: Ball 2-0: Ball 3-0: Called Strike 3-1: Foul Ball, location: 2F 3-2: Base on Balls
|
Batting: RHB Chang-wei Jiang
|
0-0: Ball 1-0: Ball 2-0: Called Strike 2-1: Ball 3-1: Foul Ball, location: 2F 3-2: Strikes out swinging
|
Batting: SHB Joe Gardner
|
0-0: Swinging Strike 0-1: Swinging Strike 0-2: Ball 1-2: Fly out, F8 (Flyball, 8RM, EV 82.5 MPH)
|
Top of the 7th over - 0 runs, 1 hit, 0 errors, 2 left on base; Houston 6 - Colorado 8 |
BOTTOM OF THE 7TH |
Colorado Rockies batting - Pitching for Houston Astros : RHP Mike Hurst
|
Pitching: RHP Arturo Vargas
|
|
Batting: LHB Freddy Troncoso
|
0-0: Called Strike 0-1: Ball 1-1: Swinging Strike 1-2: SINGLE (Flyball, 34D, EV 81.2 MPH)
|
Batting: SHB Eddie Quinones
|
0-0: Ball 1-0: Ball 2-0: Called Strike 2-1: Fly out, F9 (Flyball, 89M, EV 81.2 MPH)
|
Batting: RHB Joel Haycock
|
0-0: Swinging Strike 0-1: Ball 1-1: Foul Ball, location: 2F 1-2: Ball 2-2: Foul Ball, location: 2F 2-2: Ball 3-2: Foul Ball, location: 2F 3-2: Ground out 4-3 (Groundball, 34, EV 83.8 MPH) Freddy Troncoso to second
|
Batting: RHB Jason Andrews
|
0-0: Ball 1-0: Ball 2-0: TRIPLE (Flyball, 89XD, EV 107.5 MPH) Freddy Troncoso scores
|
Batting: SHB Chris Blue
|
0-0: Ball 1-0: Ball 2-0: Ball 3-0: Base on Balls
|
Batting: RHB Henry Alvizo
|
0-0: Reached via error on a dropped throw from 3B, E4 (Groundball, 5, EV 96.2 MPH) Jason Andrews scores Chris Blue to second
|
Batting: SHB Billy Encinias
|
0-0: Called Strike 0-1: Foul Ball, location: 2F 0-2: Foul Ball, location: 2F 0-2: Ball 1-2: Ball 2-2: Fly out, F7 (Flyball, 78M, EV 83.1 MPH)
|
Bottom of the 7th over - 2 runs, 2 hits, 1 error, 2 left on base; Houston 6 - Colorado 10 |
TOP OF THE 8TH |
Houston Astros batting - Pitching for Colorado Rockies : LHP Ron Reardon
|
Pitching: LHP Xu-gang Zhou
|
|
Batting: LHB Bryce Hill
|
0-0: Swinging Strike 0-1: Ground out 4-3 (Groundball, 4, EV 108.8 MPH)
|
Batting: RHB Josh Froyd
|
0-0: Ball 1-0: Called Strike 1-1: Ball 2-1: Foul Ball, location: 2F 2-2: Ball 3-2: Foul Ball, location: 2F 3-2: Foul Ball, location: 2F 3-2: Base on Balls
|
Batting: RHB Antonio Aranda
|
0-0: Foul Ball, location: 2F 0-1: Ball 1-1: Ball 2-1: Fielders Choice at 2nd, 3-6 (Groundball, 3S, EV 85.6 MPH)
|
Batting: SHB Troy Kenyon
|
0-0: Swinging Strike 0-1: Swinging Strike 0-2: Fly out, F7 (Flyball, 7D, EV 108.8 MPH)
|
Top of the 8th over - 0 runs, 0 hits, 0 errors, 1 left on base; Houston 6 - Colorado 10 |
BOTTOM OF THE 8TH |
Colorado Rockies batting - Pitching for Houston Astros : RHP Arturo Vargas
|
Pitching: RHP Paul Schwartz
|
|
Batting: SHB Jon Munoz
|
0-0: Ball 1-0: Ground out 6-3 (Groundball, 6, EV 86.2 MPH)
|
Batting: LHB Robert Watson
|
0-0: Ball 1-0: Foul Ball, location: 2F 1-1: Called Strike 1-2: Foul Ball, location: 2F 1-2: Foul Ball, location: 2F 1-2: Strikes out swinging
|
Batting: LHB Freddy Troncoso
|
0-0: Foul Ball, location: 2F 0-1: Foul Ball, location: 2F 0-2: Ball 1-2: Strikes out swinging
|
Bottom of the 8th over - 0 runs, 0 hits, 0 errors, 0 left on base; Houston 6 - Colorado 10 |
TOP OF THE 9TH |
Houston Astros batting - Pitching for Colorado Rockies : LHP Xu-gang Zhou
|
Batting: RHB Jeremy Trump
|
0-0: Ball 1-0: Ground out 4-3 (Groundball, 4, EV 86.9 MPH)
|
Batting: RHB Eric Chotkowski
|
0-0: Ball 1-0: Called Strike 1-1: Swinging Strike 1-2: Ball 2-2: Strikes out swinging
|
Batting: RHB Chris Lane
|
0-0: Called Strike 0-1: Fly out, F9 (Flyball, 89D, EV 83.1 MPH)
|
Top of the 9th over - 0 runs, 0 hits, 0 errors, 0 left on base; Houston 6 - Colorado 10 |
|